Map: Persephone LE

Players

SKillous

  • Race: Protoss Protoss
  • League: Master
  • Spawn Location: 7:00

LiquidMaNa (MaNa) - Winner!

  • Race: Protoss Protoss
  • League: Grandmaster
  • Spawn Location: 11:00

Event: FEL Cracov 2025

VOD

Have the link to the VOD?

Description

Time

  • Played on: July 27, 2025, 12:58 p.m.
  • Length: 8:21

All games in this series

Show
View Real Time Build Order
Export as new Build Order

SKillous Protoss 

Build Orders:  

Get SALT Encoding   

  12  0:00  Probe  
  13  0:12  Probe  
  14  0:17  Pylon  
  14  0:24  Probe  
  15  0:32  Probe  
  15  0:37  Gateway  
  15  0:40  Probe  
  16  0:46  Assimilator  
  17  0:50  Probe  
  17  0:54  Assimilator  
  18  0:59  Probe  
  19  1:07  Gateway  
  19  1:08  Probe  
  20  1:18  Probe  
  20  1:24  Cybernetics Core  
  21  1:30  Probe  
  22  1:33  Pylon  
  22  1:42  Probe  
  23  1:59  Stalker  
  23  2:00  Robotics Facility  
  23  2:01  Warp Gate  
  27  2:09  Stalker  
  27  2:15  Pylon  
  27  2:27  Stalker  
  27  2:36  Stalker  
  29  2:38  Warp Prism  
  33  2:53  Pylon  
  35  3:04  Immortal  
  39  3:24  Robotics Bay  
  37  3:27  Pylon  
  37  3:49  Gateway  
  37  3:51  Observer  
  37  3:54  Stalker x2  
  42  4:17  Stalker x2  
  42  4:18  Immortal  
  42  4:22  Pylon  
  50  4:36  Stalker  
  52  4:40  Stalker  
  52  4:44  Stalker  
  56  4:52  Pylon  
  54  5:15  Stalker x2  
  54  5:16  Stalker  
  60  5:39  Stalker x3  
  64  6:04  Stalker x3  
  58  6:26  Stalker  
  58  6:27  Stalker x2  
  46  6:49  Observer  
  42  6:54  Observer  
  42  6:55  Warp Prism  
  42  6:58  Stalker x2  
  48  7:01  Stalker  
  50  7:30  Adept x3  
  55  7:56  Stalker x3  
  51  8:19  Adept x3  
Show
View Real Time Build Order
Export as new Build Order

LiquidMaNa Protoss - Winner!

Build Orders: Phoenix Opening, Proxy Void Ray 

Get SALT Encoding   

  12  0:00  Probe  
  13  0:12  Probe  
  14  0:18  Pylon  
  14  0:24  Probe  
  15  0:32  Probe  
  15  0:38  Gateway  
  15  0:40  Probe  
  16  0:46  Assimilator  
  17  0:51  Probe  
  18  0:59  Probe  
  19  1:04  Assimilator  
  19  1:05  Pylon  
  19  1:07  Probe  
  19  1:17  Probe  
  20  1:25  Cybernetics Core  
  21  1:26  Zealot  
  21  1:30  Probe  
  24  1:42  Probe  
  25  1:54  Probe  
  26  2:01  Phoenix  
  26  2:02  Sentry  
  26  2:03  Warp Gate  
  28  2:13  Nexus  
  28  2:17  Pylon  
  28  2:21  Probe  
  29  2:30  Stargate  
  29  2:34  Probe  
  31  2:46  Probe, Stalker  
  31  2:47  Shield Battery  
  32  2:58  Probe  
  33  3:10  Shield Battery  
  33  3:11  Probe  
  33  3:12  Void Ray  
  38  3:25  Sentry  
  40  3:29  Gateway  
  40  3:33  Shield Battery  
  40  3:39  Probe  
  40  3:40  Probe  
  41  3:45  Void Ray  
  41  3:54  Shield Battery  
  45  3:59  Stalker  
  48  4:06  Assimilator  
  47  4:11  Probe  
  47  4:14  Shield Battery  
  48  4:31  Stalker x2  
  50  4:34  Shield Battery  
  50  4:37  Shield Battery  
  52  4:42  Pylon  
  52  4:57  Void Ray  
  52  5:00  Stalker  
  56  5:09  Zealot  
  56  5:12  Probe  
  59  5:19  Shield Battery  
  59  5:24  Sentry  
  61  5:29  Pylon  
  61  5:31  Pylon  
  61  5:40  Robotics Facility  
  61  5:48  Probe  
  66  5:50  Sentry  
  66  5:53  Void Ray  
  68  6:00  Sentry  
  68  6:08  Gateway  
  68  6:14  Probe x2  
  68  6:15  Sentry  
  68  6:23  Shield Battery, Sentry  
  58  6:41  Zealot  
  58  6:44  Probe, Void Ray  
  49  6:50  Immortal  
  49  6:53  Stalker  
  51  7:07  Zealot  
  53  7:12  Sentry  
  55  7:18  Probe x2  
  57  7:29  Observer  
  58  7:30  Probe x2  
  60  7:42  Probe x2  
  62  7:51  Shield Battery  
  62  7:54  Probe  
  62  7:56  Adept  
  63  7:59  Adept  
  63  8:00  Adept  
  54  8:19  Stalker x2  
Tags
 
Add a new tag
Caveats
  • Supply blocks, unpowered buildings, or Contaminate may cause inaccurate times.
  • Supply counts are checked every 10 seconds.